AoeStats
← CroCkeR

African Clearing

506451119Analyzed
4v4 RM · 20d ago on Sep 13, 2026· 57m 20s· 8 players
Game mode
Random Map
Map size
Large (8 player)
Population
200
Speed
Normal
Resources
Standard
Victory
Conquest
Starting age
Dark Age
Ending age
Imperial Age
RankedLock teamsTeams togetherTeam positionsShared explorationLock speedFull tech treeHidden civsTurbo modeCheats
Victory
Defeat
🇩🇪 Lithuanians · Germany
1414
+15
🇩🇪 Berbers · Germany
1391
+16
🇨🇭 Jurchens · Switzerland
1355
+18
🇫🇷 Hindustanis · France
1349
+17
🇲🇽 Britons · Mexico
1436
-18
1410
-17
🇲🇽 Gurjaras · Mexico
1401
-17
🇧🇷 Huns · Brazil
1316
-14
Pancho
13:04 Feudal Age
14:49 Double-Bit Axe
17:32 Castle Age
18:58 Fletching
23:24 Loom
45:44 Scale Mail Armor
57:26 Padded Archer Armor
CroCkeR
5:04 Loom
14:16 Feudal Age
18:53 Castle Age
17:28 Horse Collar
22:03 Double-Bit Axe
24:43 Scale Barding Armor
27:16 Chain Barding Armor
27:56 Husbandry
30:01 Fletching
29:42 Elite Skirmisher
31:37 Bloodlines
32:28 Bodkin Arrow
33:02 Padded Archer Armor
35:35 Leather Archer Armor
37:07 Forging
37:46 Wheelbarrow
40:18 Ballistics
46:55 Imperial Age
44:41 Hand Cart
47:46 Bracer
48:20 Bow Saw
49:49 Iron Casting
49:06 Light Cavalry
50:27 Cavalier
53:16 Ring Archer Armor
53:22 Plate Barding Armor
le Nain Becile
9:00 Loom
11:50 Feudal Age
12:22 Double-Bit Axe
14:44 Horse Collar
21:47 Castle Age
20:42 Bloodlines
21:36 Scale Barding Armor
21:49 Light Cavalry
22:52 Chain Barding Armor
23:26 Husbandry
26:29 Wheelbarrow
37:54 Imperial Age
36:05 Bow Saw
37:42 Forging
39:26 Plate Barding Armor
39:27 Iron Casting
39:17 Conscription
38:50 Heavy Camel Rider
40:29 Fletching
41:19 Scale Mail Armor
45:22 Chemistry
44:42 Ballistics
44:51 Elite Ghulam
45:48 Chain Mail Armor
46:07 Hand Cart
47:06 Blast Furnace
47:31 Gold Mining
47:32 Stone Mining
48:14 Squires
48:00 Arson
49:04 Imperial Camel Rider
49:06 Hussar
50:08 Bodkin Arrow
53:27 Town Watch
Chris Becker
10:54 Loom
13:24 Feudal Age
18:53 Castle Age
18:05 Double-Bit Axe
19:41 Fletching
26:32 Horse Collar
29:08 Stone Mining
33:23 Scale Barding Armor
35:47 Wheelbarrow
36:33 Bodkin Arrow
37:36 Bloodlines
37:41 Padded Archer Armor
42:53 Imperial Age
41:02 Bow Saw
42:17 Leather Archer Armor
43:14 Husbandry
43:28 Gold Mining
52:17 Ballistics
52:00 Bracer
52:48 Hand Cart
53:07 Cavalier
54:20 Conscription
55:25 Chain Barding Armor
58:05 Plate Barding Armor
57:41 Forging
Dantegutsh
7:10 Loom
13:42 Feudal Age
23:06 Castle Age
22:30 Town Watch
25:51 Bloodlines
28:55 Husbandry
51:43 Town Patrol
52:24 Wheelbarrow
我放了个屁她顺风追了
3:23 Loom
13:39 Feudal Age
19:40 Castle Age
19:02 Double-Bit Axe
20:26 Fletching
37:22 Yasama
38:15 Bodkin Arrow
39:30 Bow Saw
42:14 Ballistics
43:23 Wheelbarrow
42:34 Town Watch
43:14 Guard Tower
43:22 Murder Holes
47:40 Imperial Age
47:34 Masonry
49:40 Chemistry
48:26 Arrowslits
52:08 Keep
52:14 Treadmill Crane
54:06 Bracer
56:12 Padded Archer Armor
58:14 Two-Man Saw
K
6:11 Loom
15:57 Feudal Age
16:41 Double-Bit Axe
23:06 Castle Age
21:42 Fletching
28:09 Bodkin Arrow
32:45 Padded Archer Armor
34:04 Wheelbarrow
34:17 Pikeman
39:51 Forging
44:31 Scale Mail Armor
45:22 Bow Saw
46:03 Scale Barding Armor
47:36 Iron Casting
48:53 Ballistics
49:13 Masonry
49:42 Murder Holes
55:06 Leather Archer Armor
55:29 Chain Mail Armor
56:38 Chain Barding Armor
Mike
5:48 Loom
12:29 Feudal Age
13:02 Double-Bit Axe
14:29 Fletching
14:43 Padded Archer Armor
16:30 Gold Mining
24:50 Castle Age
24:18 Horse Collar
25:34 Wheelbarrow
24:44 Town Watch
24:59 Crossbowman
25:50 Bow Saw
27:05 Leather Archer Armor
26:49 Bodkin Arrow
31:45 Ballistics
33:18 Leather Archer Armor
34:35 Husbandry
36:57 Heavy Plow
38:13 Scale Barding Armor
39:25 Light Cavalry
42:27 Chain Barding Armor
44:39 Forging
45:09 Squires
44:57 Pikeman
45:38 Scale Mail Armor
46:49 Chain Mail Armor
47:10 Iron Casting
47:10 Stone Mining
53:20 Imperial Age
51:43 Iron Casting
54:44 Plate Mail Armor
53:41 Halberdier
55:33 Bracer
56:39 Chemistry
Connection lost

Rejoining the realm…

Still unreachable

The connection could not be restored.

Session expired

The server has moved on; the page needs a fresh start.